 Dungeon Crawl Stone Soup version 0.32-a0-799-g95e1662365 (webtiles) character file.

Game seed: 7055671766628322019

4 QueenGoddess the Cudgeller (level 1, -1/17 HPs)
             Began as a Mountain Dwarf Reaver on Mar 22, 2024.
             Slain by a goblin
             ... wielding a +0 dagger
              (2 damage)
             ... on level 1 of the Dungeon.
             The game lasted 00:01:49 (168 turns).

QueenGoddess the Cudgeller (Mountain Dwarf Reaver)   Turns: 168, Time: 00:01:50

Health: -1/17      AC:  3    Str: 14    XL:     1   Next: 50%
Magic:  3/3        EV: 10    Int: 13    God:
Gold:   19         SH:  0    Dex:  8    Spells: 2/3 levels left

rFire   . . .        a - +0 mace
rCold   . . .        (no shield)
rNeg    . . .        b - +0 leather armour
rPois   .            (no helmet)
rElec   .            (no cloak)
rCorr   .            (no gloves)
SInv    .            (no boots)
Will    .....        (no amulet)
Stlth   +            (no ring)
HPRegen 0.22/turn    (no ring)
MPRegen 0.08/turn

%: no passive effects
@: no status effects
A: runic magic, artefact enchanting
a: no special abilities


You were on level 1 of the Dungeon.
You visited 1 branch of the dungeon, and saw 1 of its levels.

You collected 19 gold pieces.

Inventory:

Hand Weapons
 a - a +0 mace (weapon)
Armour
 b - a +0 leather armour (worn)
Scrolls
 d - a scroll of identify {unknown}
Potions
 c - a potion of magic {unknown}


   Skills:
 + Level 2.1 Fighting
 + Level 3.6 Maces & Flails
 + Level 1.4 Dodging
 + Level 1.7 Spellcasting
 + Level 2.9 Conjurations


You had 2 spell levels left.
You knew the following spells:

 Your Spells              Type           Power      Damage    Failure   Level
a - Kiss of Death         Conj/Necr      20%        2d7       14%         1

Your spell library contained the following spells:

 Spells                   Type           Power      Damage    Failure   Level
 Momentum Strike          Conj/Tloc      10%        3d8       22%         2
 Hailstorm                Conj/Ice       5%         3d5       41%         3


Dungeon Overview and Level Annotations

Branches:
Dungeon (1/15)

Altars:


Innate Abilities, Weirdness & Mutations

Your spellcasting is much less encumbered by armour.
You can use scrolls of enchantment on lesser artefacts.


Message History

Found 3 atropa-tipped darts.
You see here 3 atropa-tipped darts.
You open the door.
There is an open door here.
There is a shaft here.
A hobgoblin comes into view.
Found a stone staircase leading down.
The hobgoblin shouts!
Found a fizzy inky potion.
The hobgoblin hits you.
You barely miss the hobgoblin. The hobgoblin hits you.
A quokka comes into view.
The hobgoblin barely misses you.
You barely miss the hobgoblin.
The hobgoblin hits you but does no damage.
A goblin comes into view. It is wielding a +0 dagger.
You barely miss the hobgoblin. The hobgoblin hits you.
You closely miss the hobgoblin. The hobgoblin hits you.
You hit the hobgoblin.
The hobgoblin is lightly wounded.
The quokka barely misses you. The hobgoblin barely misses you.
The quokka twitches its whiskers.
The quokka bites you. The hobgoblin hits you.
You hit the hobgoblin.
The hobgoblin is almost dead.
The quokka bites you. The hobgoblin hits you.
You barely miss the quokka. The quokka closely misses you.
The hobgoblin hits you but does no damage.
The goblin hits you but does no damage.
The quokka bites you but does no damage.
You hit the quokka but do no damage. The quokka closely misses you.
The hobgoblin misses you. The goblin hits you with a +0 dagger.
* * * LOW HITPOINT WARNING * * *
The quokka bites you.
* * * LOW HITPOINT WARNING * * *
You hit the hobgoblin.
The hobgoblin is almost dead.
The hobgoblin hits you.
* * * LOW HITPOINT WARNING * * *
The goblin hits you with a +0 dagger.
You die...

# ..... #.#.... #
#.#...# #### #.#.....#
... !.......# .# #
......# .# #. #.gg# .#
>.###.r@#
.#########.......#
........#####....#
#######.#####....######
........................
#.......########.#######
#.#...### ..# #.#. ###
...#.


You could see a quokka, a hobgoblin and a goblin.

Vanquished Creatures
  A goblin (D:1)
  A hobgoblin (D:1)
  A ball python (D:1)
  A frilled lizard (D:1)
4 creatures vanquished.

Notes
Turn   | Place    | Note
-------+----------+-------------------------------------------
     0 | D:1      | QueenGoddess the Mountain Dwarf Reaver began the quest for
                  | the Orb.
     0 | D:1      | Reached XP level 1. HP: 17/17 MP: 3/3
   168 | D:1      | Slain by a goblin

Illustrated notes

Levels and vault maps discovered:
D:1:      heliophobic_arrival_battle_scene, layout_basic,
          shapermc_ecumenical_altar_pompeii

Action                     || total
---------------------------++-------
  Melee: Mace              ||    17
 Armour: Leather armour    ||    19
  Dodge: Dodged            ||    10

Table legend: (Time is in decaauts)
 A = Elapsed time spent in this place.
 B = Non-inter-level travel time spent in this place.
 C = Inter-level travel time spent in this place.
 D = Time resting spent in this place.
 E = Time spent auto-exploring this place.
 F = Levels seen in this place.
 G = Mean time per level.
                   A        B        C        D        E       F      G
               +--------+--------+--------+--------+--------+-----+--------+
         Total |    171 |     37 |    134 |      0 |      0 |   1 |  171.0 |
       Dungeon |    171 |     37 |    134 |      0 |      0 |   1 |  171.0 |
               +--------+--------+--------+--------+--------+-----+--------+

Top non-repeatable levels by time:
     D:1: 171 daAuts
